 Dungeon Crawl Stone Soup version 0.27-a0-148-g9515ab555c (webtiles) character file.

Game seed: 8467209406040674593

27139 lunkers the Warrior (level 13, -1/127 HPs)
             Began as a Hill Orc Hunter on Jan 26, 2021.
             Was a High Priest of Okawaru.
             Slain by a wyvern (12 damage)
             ... on level 3 of the Lair of Beasts.
             The game lasted 00:43:13 (26499 turns).

lunkers the Warrior (Hill Orc Hunter)              Turns: 26499, Time: 00:43:13

Health: -1/127     AC: 23    Str: 20    XL:     13   Next: 30%
Magic:  17/19      EV: 13    Int: 11    God:    Okawaru [*****.]
Gold:   2652       SH:  0    Dex: 13    Spells: 12/12 levels left

rFire    + . .     SeeInvis .   b - +1 hunting sling (freeze)
rCold    . . .     Faith    .   (no shield)
rNeg     . . .     Spirit   .   e - +0 plate armour
rPois    .         Reflect  .   C - +2 hat {Will+}
rElec    .         Harm     .   x - +2 cloak
rCorr    .         Rampage  .   p - +2 pair of gloves
Will     ++...                  (no boots)
Stlth    ..........             (no amulet)
HPRegen  0.31/turn              H - ring "Bihesk" {rF+ Will+ Dex+2}
MPRegen  0.16/turn              O - +4 ring of evasion

@: heroism
A: no striking features
a: Renounce Religion, Heroism, Finesse


You were on level 3 of the Lair of Beasts.
You worshipped Okawaru.
Okawaru was extremely pleased with you.
You visited 3 branches of the dungeon, and saw 15 of its levels.
You also visited: Ossuary and Bailey.

You collected 2652 gold pieces.

Inventory:

Hand Weapons
 a - a +4 glaive of protection
 b - a +1 hunting sling of freezing (weapon)
Missiles
 c - 47 javelins
 d - 5 throwing nets
 f - 133 stones (quivered ammo)
 j - 2 sling bullets
 u - 6 silver javelins
 D - 6 curare-tipped darts
 K - 7 atropa-tipped darts
 L - 24 poisoned darts
 X - 3 silver boomerangs
Armour
 e - a +0 plate armour (worn)
 p - a +2 pair of gloves (worn)
 x - a +2 cloak (worn)
 C - a +2 hat of willpower (worn)
 W - a +2 helmet of see invisible
Jewellery
 s - an uncursed ring of poison resistance
 H - the ring "Bihesk" (left hand) {rF+ Will+ Dex+2}
   (You acquired it in a bailey)

   [ring of willpower]

   It affects your dexterity (+2).
   It protects you from fire.
   It affects your willpower, your defense against some magical effects.
 I - a +4 ring of protection {unknown}
 J - an uncursed amulet of magic regeneration {unknown}
 M - the ring of Liwed {Will++ MP+9}
   (You found it on level 11 of the Dungeon)

   [ring of magical power]

   It affects your willpower, your defense against some magical effects.
   It affects your magic capacity (+9).
 N - an uncursed ring of protection from fire
 O - a +4 ring of evasion (right hand)
Wands
 q - a wand of flame (65)
 r - a wand of random effects (18)
 B - a wand of iceblast (9)
 G - a wand of acid (6)
 U - a wand of polymorph (24)
 V - a wand of digging (7)
Scrolls
 k - 8 scrolls of remove curse
 l - 6 scrolls of identify
 m - 13 scrolls of teleportation
 t - 6 scrolls of enchant weapon
 y - 5 scrolls of magic mapping
 z - a scroll of summoning
 F - 3 scrolls of enchant armour
 P - 4 scrolls of fear
 S - 2 scrolls of fog
Potions
 g - a potion of magic
 h - 5 potions of haste
 i - 2 potions of invisibility
 n - 4 potions of attraction
 o - 5 potions of lignification
 v - a potion of resistance
 w - 4 potions of brilliance
 A - 5 potions of heal wounds
 E - 3 potions of mutation
 Q - 4 potions of curing
 R - 2 potions of berserk rage
 Y - 7 potions of ambrosia
Miscellaneous
 Z - a tin of tremorstones (inert)


   Skills:
 + Level 15.2(20.2) Fighting
 + Level 12.5(17.5) Throwing
 + Level 5.8(10.8) Armour
 - Level 1.5(6.5) Dodging
 - Level 0.7(5.7) Stealth
 - Level 8.0 Invocations
 + Level 8.9 Evocations


You had 12 spell levels left.
You didn't know any spells.
Your spell library contained the following spells:

 Spells                   Type           Power        Failure   Level
 Animate Skeleton         Necr           0%           99%         1
 Apportation              Tloc           0%           99%         1
 Corona                   Hex            0%           99%         1
 Magic Dart               Conj           0%           99%         1
 Shock                    Conj/Air       0%           99%         1
 Summon Small Mammal      Summ           0%           99%         1
 Blink                    Tloc           N/A          100%        2
 Call Imp                 Summ           0%           100%        2
 Slow                     Hex            0%           100%        2
 Swiftness                Air            0%           100%        2
 Confusing Touch          Hex            0%           100%        3
 Conjure Flame            Conj/Fire      0%           100%        3
 Gell's Gravitas          Tloc           0%           100%        3
 Mephitic Cloud           Conj/Pois/Air  0%           100%        3
 Static Discharge         Conj/Air       0%           100%        3
 Airstrike                Air            0%           100%        4
 Petrify                  Tmut/Erth      0%           100%        4
 Lightning Bolt           Conj/Air       0%           100%        5
 Metabolic Englaciation   Hex/Ice        0%           100%        5
 Yara's Violent Unravell  Hex/Tmut       0%           100%        5


Dungeon Overview and Level Annotations

Branches:
Dungeon (11/15)            Temple (1/1) D:4            Lair (3/6) D:9
 Shoals (0/4) Lair:3          Orc (0/2) D:9         Ossuary (visited)
 Bailey (visited)
  Snake: Lair:2-4    Spider: Lair:2-4

Altars:
Ashenzari
Cheibriados
Dithmenos
Elyvilon
Fedhas
Gozag
Hepliaklqana
Kikubaaqudgha
Makhleb
Nemelex Xobeh
Okawaru
Qazlal
Ru
Sif Muna
Trog
Uskayaw
Vehumet
Wu Jian
Xom
Yredelemnul
Zin
The Shining One

Shops:
D:9 [::   D:10 !

Annotations:
Lair:2 1 runed translucent door, Maimakterion's ghost, journeyman TrHu


Message History

You shoot a stone. The stone closely misses the wyvern.
The wyvern closely misses you.
The wind drake bites you but does no damage.
Unknown command.
Fire: 134 stones
Press: ? - help, Q - select action, (/) - cycle Shift-Dir - straight line, f/p - wyvern
Aim: a wyvern (moderately wounded, 70% to hit)
You shoot a stone. The stone hits the wyvern!
The stone freezes the wyvern.
The wyvern is severely wounded.
The wyvern bites you but does no damage.
The wind drake bites you.
* * * LOW HITPOINT WARNING * * *
Unknown command.
Unknown command.
You gain the combat prowess of a mighty hero.
The wyvern bites you!
* * * LOW HITPOINT WARNING * * *
The wind drake exhales a fierce blast of wind!
The wyvern bites you!
You die...

#.P.#....#..#..##
#......>P.....P## ##
###.PP..P........##
P.#.###.#..P....#...†....
...............#+#......
P.#.#....................
.................###.....
...#...##.#PP...# #.####
#.#.#.#@####....# ###
...)..(kl# #....P# ##
#.#.#.#(## ##...P.. .#.
.......( ........ ...
#.#.#.#.#. ....... ...
...........H ...
.#>#.#.#.# .. .#. (...
.(. .>. ... .. .## .(.
...


You could see a wind drake (repels missiles, catching breath) and a wyvern.

Vanquished Creatures
  Gastronok (D:10)
  Harold (D:10)
  A flayed ghost (D:11)
  3 orc knights (Bailey)
  2 ugly things (D:11)
  A manticore (Lair:3)
  A cyclops (D:11)
  5 elephants
  2 black mambas
  Joseph (D:7)
  Maggie (D:7)
  6 cane toads
  4 komodo dragons (Lair:2)
  2 polar bears (Lair:2)
  A queen bee (D:8)
  Grinder (D:4)
  A shadow (D:11)
  Eustachio (D:5)
  4 wraiths (D:11)
  3 wyverns
  19 yaks
  2 fire bats (D:11)
  A basilisk (D:8)
  Edmund (D:4)
  A soldier ant (D:11)
  Duvessa (D:5)
  24 water moccasins
  A swamp drake (Lair:1)
  5 ice beasts
  8 orc warriors
  5 black bears
  2 sky beasts
  A necrophage (D:11)
  2 phantoms
  2 centaurs
  3 wolves (Lair:1)
  4 ogres
  A big kobold (D:8)
  6 bullfrogs
  Dowan (D:5)
  7 scorpions
  A water moccasin skeleton (D:8)
  27 killer bees
  11 wights
  2 electric eels (Lair:1)
  10 bullfrog zombies
  A quasit (D:10)
  3 centaur zombies
  8 hounds
  3 orc priests
  Crazy Yiuf (D:5)
  A bullfrog skeleton (D:8)
  Jessica (D:2)
  5 iguanas
  5 orc wizards
  6 worker ants
  3 hound skeletons
  A hound zombie (Ossuary)
  12 mummies (Ossuary)
  A howler monkey skeleton (D:4)
  6 worker ant zombies
  4 gnolls
  4 river rats (D:7)
  23 adders
  2 shadow imps
  4 white imps
  2 adder skeletons
  5 adder zombies (Ossuary)
  A worm (D:4)
  3 leopard geckos
  34 orcs
  14 bats
  5 giant cockroaches
  6 goblins
  6 hobgoblins
  20 jackals
  11 kobolds
  A quokka (D:2)
  2 ball pythons
  3 frilled lizards
  A giant cockroach zombie (Ossuary)
  A jackal skeleton (D:4)
  A jackal zombie (D:6)
  4 leopard gecko zombies (Ossuary)
  A quokka zombie (Ossuary)
  10 rats
  A spectral orc (D:2)
  A bush (D:5)
417 creatures vanquished.

Vanquished Creatures (others)
  An adder (Lair:1)
  10 fungi
  57 plants
  8 withered plants
76 creatures vanquished.

Grand Total: 493 creatures vanquished

Notes
Turn   | Place    | Note
-------+----------+-------------------------------------------
     0 | D:1      | lunkers the Hill Orc Hunter began the quest for the Orb.
     0 | D:1      | Reached XP level 1. HP: 18/18 MP: 1/1
   280 | D:1      | Reached XP level 2. HP: 25/25 MP: 2/2
   409 | D:1      | Reached skill level 3 in Fighting
   990 | D:2      | Reached XP level 3. HP: 22/31 MP: 3/3
  1248 | D:2      | Noticed Jessica
  1283 | D:2      | Killed Jessica
  1284 | D:2      | Reached skill level 4 in Fighting
  1284 | D:2      | Reached XP level 4. HP: 22/40 MP: 4/4
  1458 | D:2      | Found a basalt altar of Yredelemnul.
  1845 | D:2      | Found a faded altar of an unknown god.
  2157 | D:3      | Reached XP level 5. HP: 39/47 MP: 5/5
  2442 | D:3      | Found a hazy altar of Hepliaklqana.
  2456 | D:3      | Found a burning altar of Makhleb.
  2459 | D:3      | Found a shimmering altar of Xom.
  2462 | D:3      | Found a sacrificial altar of Ru.
  2768 | D:3      | Reached skill level 5 in Fighting
  2768 | D:3      | Reached skill level 5 in Throwing
  3073 | D:3      | Reached XP level 6. HP: 9/56 MP: 6/6
  3472 | D:4      | Noticed Grinder
  3485 | D:4      | Paralysed by Grinder for 2 turns
  3614 | D:3      | Reached skill level 6 in Fighting
  3791 | D:4      | Paralysed by Grinder for 2 turns
  4080 | D:4      | Killed Grinder
  4081 | D:4      | Reached XP level 7. HP: 23/64 MP: 7/7
  4319 | D:4      | Reached skill level 7 in Fighting
  4808 | D:4      | Found an ornate altar of the Wu Jian Council.
  5011 | D:4      | Noticed Edmund
  5043 | D:4      | Killed Edmund
  5044 | D:4      | Reached XP level 8. HP: 40/63 MP: 8/8
  5094 | D:4      | Found a staircase to the Ecumenical Temple.
  5103 | Temple   | Entered the Ecumenical Temple
  5344 | D:4      | Reached skill level 8 in Fighting
  5542 | D:5      | Entered Level 5 of the Dungeon
  5542 | D:5      | Noticed Duvessa
  5542 | D:5      | Noticed Dowan
  5647 | D:5      | Noticed Eustachio
  5673 | D:5      | Killed Eustachio
  5923 | D:5      | Killed Duvessa
  5924 | D:5      | Reached skill level 9 in Fighting
  5938 | D:5      | Killed Dowan
  6950 | D:5      | Found a runed translucent door.
  6951 | D:5      | Noticed Crazy Yiuf
  6965 | D:5      | Killed Crazy Yiuf
  7135 | D:6      | Reached XP level 9. HP: 85/85 MP: 9/9
  7164 | D:6      | Found an ancient bone altar of Kikubaaqudgha.
  7222 | D:6      | Found a sand-covered staircase.
  7266 | Ossuary  | Entered an ossuary
  7332 | Ossuary  | Reached skill level 10 in Fighting
  8172 | D:6      | Reached skill level 1 in Evocations
  9862 | D:7      | Reached skill level 11 in Fighting
  9890 | D:7      | Found a blossoming altar of Fedhas.
 10309 | D:7      | Noticed Maggie
 10341 | D:7      | Killed Maggie
 10342 | D:7      | Reached XP level 10. HP: 52/89 MP: 10/10
 10535 | D:7      | Found a stormy altar of Qazlal.
 10666 | D:7      | Noticed Joseph
 10683 | D:7      | Killed Joseph
 11206 | D:8      | Upgraded the game from 0.27-a0-124-g19cb506db8 to
                  | 0.27-a0-148-g9515ab555c
 11240 | D:8      | Found a white marble altar of Elyvilon.
 11631 | D:8      | Found a bloodstained altar of Trog.
 11631 | D:8      | Found an iron altar of Okawaru.
 11631 | D:8      | Found a sparkling altar of Nemelex Xobeh.
 11633 | D:8      | Found a glowing golden altar of the Shining One.
 11759 | D:8      | Became a worshipper of Warmaster Okawaru
 12145 | D:8      | Reached skill level 1 in Invocations
 12471 | D:8      | Reached skill level 5 in Evocations
 12829 | D:9      | Reached * piety under Okawaru
 12911 | D:8      | Reached skill level 12 in Fighting
 12911 | D:8      | Reached skill level 10 in Throwing
 13501 | D:9      | Reached ** piety under Okawaru
 13725 | D:9      | Found a staircase to the Lair.
 13818 | D:9      | Found Verar's Book Shop.
 13870 | D:9      | Found Vyalys's Book Emporium.
 14224 | D:9      | Found a staircase to the Orcish Mines.
 14338 | D:9      | Reached XP level 11. HP: 97/105 MP: 14/14
 15674 | D:9      | Reached *** piety under Okawaru
 15805 | D:9      | Found Xiempoigym's Armour Shop.
 15886 | D:10     | Entered Level 10 of the Dungeon
 16282 | D:10     | Found a flagged portal.
 16288 | Bailey   | Entered a bailey
 16288 | Bailey   | Noticed an orc knight
 16288 | Bailey   | Noticed an orc knight
 16310 | Bailey   | Killed an orc knight
 16583 | Bailey   | Noticed an orc knight
 16788 | Bailey   | Reached skill level 13 in Fighting
 16790 | Bailey   | Killed an orc knight
 16790 | Bailey   | Received a gift from Okawaru
 16791 | Bailey   | Killed an orc knight
 17605 | Bailey   | Identified 2 scrolls of acquirement
 17605 | Bailey   | Acquired the ring "Bihesk" {rF+ Will+ Dex+2}
 17615 | Bailey   | Acquired 1200 gold pieces
 17705 | D:10     | Found Yraz Qoech's Distillery.
 17749 | D:10     | Noticed Harold
 17762 | D:10     | Killed Harold
 17762 | D:10     | Received a gift from Okawaru
 17762 | D:10     | Reached **** piety under Okawaru
 18008 | D:10     | Noticed Gastronok
 18033 | D:10     | Killed Gastronok
 18033 | D:10     | Received a gift from Okawaru
 18034 | D:10     | Reached skill level 14 in Fighting
 18034 | D:10     | Reached XP level 12. HP: 117/117 MP: 13/15
 18469 | D:11     | Reached skill level 1 in Armour
 18768 | D:11     | Found a runed translucent door.
 18867 | D:11     | Found a radiant altar of Vehumet.
 18897 | D:11     | Received a gift from Okawaru
 19211 | D:11     | Found a broken altar of Ashenzari.
 19289 | D:11     | Found a sparkling altar of Nemelex Xobeh.
 19316 | D:11     | Found a bloodstained altar of Trog.
 19387 | D:11     | Found a white marble altar of Elyvilon.
 19537 | D:11     | Reached skill level 5 in Invocations
 19785 | D:11     | Found a glowing golden altar of the Shining One.
 20607 | D:11     | Got a warped copper ring
 20612 | D:11     | Identified the ring of Liwed {Will++ MP+9} (You found it on
                  | level 11 of the Dungeon)
 20617 | D:11     | Got a fine chain mail
 20632 | D:11     | Identified the cursed +1 chain mail "Betuat" {Rampage +Fly
                  | rC- Will+++} (You found it on level 11 of the Dungeon)
 20770 | Lair:1   | Entered Level 1 of the Lair of Beasts
 21591 | Lair:1   | Reached ***** piety under Okawaru
 21984 | Lair:1   | Received a gift from Okawaru
 22067 | Lair:1   | Received a gift from Okawaru
 23415 | Lair:1   | Received a gift from Okawaru
 24148 | Lair:2   | Found a runed translucent door.
 24148 | Lair:2   | Noticed Maimakterion's ghost (journeyman TrHu)
 24293 | Lair:2   | Reached XP level 13. HP: 73/125 MP: 18/18
 24303 | Lair:2   | Received a gift from Okawaru
 24592 | Lair:2   | Reached skill level 5 in Armour
 24750 | Lair:2   | Reached skill level 15 in Fighting
 25388 | Lair:2   | Received a gift from Okawaru
 26476 | Lair:3   | Found a staircase to the Shoals.
 26499 | Lair:3   | Slain by a wyvern

Illustrated notes

Levels and vault maps discovered:
D:1:      nzn_arrival_depleted_hourglass, layout_basic, palyth_stone_intersect
D:2:      wad_crossroads, layout_rooms, yredelemnul_forgotten_temple_becter,
          chequers_ecumenical_altar_simple_redux, uniq_jessica
D:3:      layout_basic, grunt_temple_overflow_cloverleaf
D:4:      layout_gridville, nzn_wu_jian_contemplation, lemuel_temple_firewalk_a,
          cheibrodos_gnoll_hut, uniq_edmund, uniq_grinder
D:5:      layout_rooms, uniq_crazy_yiuf_cottage, uniq_duvessa, uniq_eustachio
D:6:      layout_loops_ring, lemuel_round_altar, enter_ossuary_1,
          minmay_misc_feat_hallway, minmay_fractal_squares_diagonal_5
D:7:      wad_woods_stonehenge, layout_rooms, lemuel_coloured_pillars_altar,
          serial_aquarium, aquarium_bridge_straight [aquarium_subvault_bridge,
          aquarium_subvault_wall, aquarium_subvault_bridge,
          aquarium_subvault_wall], aquarium_bridge_square
          [aquarium_subvault_wall, aquarium_subvault_window,
          aquarium_subvault_bridge, aquarium_subvault_wall],
          aquarium_window_fake, aquarium_window_1, aquarium_view_2a,
          aquarium_view_2b, aquarium_balcony_3a, aquarium_pool_double,
          uniq_joseph, uniq_maggie
D:8:      layout_rooms, elyvilon_altar_5, minitemple
D:9:      layout_loops_ring, minmay_lair_entry_grove, david_orc_2, serial_shops,
          nicolae_shop_statue_plus, nicolae_shop_stone, nicolae_shop_trees,
          special_room [special_room_bee]
D:10:     layout_irregular_city, enter_bailey_2, serial_shops, shop,
          uniq_harold, uniq_gastronok
D:11:     due_megacathedral, layout_irregular_city
Temple:   dpeg_three_leaves_temple
Lair:1:   lemuel_reptile_caves, layout_chaotic_city
Lair:2:   layout_long_grid, gammafunk_ghost_grave
Lair:3:   layout_chaotic_city, minmay_shoals_entry_beasts,
          nicolae_spider_entry_tight_spaces, fungi_pond_lemuel, st_stairs_12

Skill      XL: |  1  2  3  4  5  6  7  8  9 10 11 12 13 |
---------------+----------------------------------------+-----
Fighting       | 3 4 5 6 7 9 11 12 14 15 | 15.2
Throwing       | 4 5 6 8 9 10 11 12 | 12.5
Evocations     | 3 6 7 8 |  8.9
Invocations    | 4 7 8 |  8.0
Armour         | 4 5 |  5.8
Dodging        | |  1.5
Stealth        | |  0.7

Action                   |  1- 3 |  4- 6 |  7- 9 | 10-12 | 13-15 || total
-------------------------+-------+-------+-------+-------+-------++-------
Melee: Short sword       |    17 |       |   200 |       |       ||   217
 Fire: Hunting sling     |    71 |   292 |   922 |  1689 |   251 ||  3225
Throw: Stone             |    28 |       |       |       |       ||    28
       Javelin           |     3 |       |       |       |       ||     3
Invok: Heroism           |       |       |       |    10 |     4 ||    14
Evoke: Wand              |       |       |     5 |    27 |       ||    32
       Tin of tremorston |       |       |       |     1 |     1 ||     2
  Use: Scroll            |       |       |     8 |    23 |       ||    31
       Potion            |       |       |       |     1 |       ||     1
Armor: Chain mail        |    29 |   113 |   385 |   505 |       ||  1032
       Plate armour      |       |       |       |   157 |   137 ||   294
Dodge: Dodged            |    27 |    72 |   240 |   760 |   116 ||  1215

Table legend: (Time is in decaauts)
 A = Elapsed time spent in this place.
 B = Non-inter-level travel time spent in this place.
 C = Inter-level travel time spent in this place.
 D = Time resting spent in this place.
 E = Time spent auto-exploring this place.
 F = Levels seen in this place.
 G = Mean time per level.
                   A        B        C        D        E       F      G
               +--------+--------+--------+--------+--------+-----+--------+
         Total |  26210 |  25680 |    530 |   2471 |  18310 |  17 | 1541.8 |
       Dungeon |  18730 |  18269 |    461 |   1205 |  13509 |  11 | 1702.7 |
        Temple |    159 |    159 |      0 |      0 |    139 |   1 |  159.0 |
          Lair |   5139 |   5070 |     69 |    299 |   4016 |   3 | 1713.0 |
       Ossuary |    881 |    881 |      0 |      0 |    560 |   1 |  881.0 |
        Bailey |   1299 |   1299 |      0 |    967 |     86 |   1 | 1299.0 |
               +--------+--------+--------+--------+--------+-----+--------+

Top non-repeatable levels by time:
  Lair:1: 3179 daAuts
     D:9: 3013 daAuts
    D:11: 2310 daAuts
     D:8: 2190 daAuts
     D:3: 2042 daAuts
  Lair:2: 1777 daAuts
     D:6: 1764 daAuts
     D:4: 1537 daAuts
     D:5: 1453 daAuts
     D:7: 1347 daAuts
  Bailey: 1299 daAuts
    D:10: 1146 daAuts
     D:2: 1104 daAuts
 Ossuary: 881 daAuts
     D:1: 819 daAuts
